TOP OF THE 1ST |
Buchanan HS batting - Pitching for Dublin Jerome HS Celtics : RHP Teddy Wright
|
Pitching: RHP Teddy Wright
|
|
Batting: RHB Michael Elliott
|
0-0: SINGLE (Groundball, 6D)
|
Batting: RHB Tommy Reid
|
0-0: Ball 1-0: Fly out, F8 (Popup, 8RS)
|
Batting: LHB Jesús Torres
|
0-0: Ball 1-0: Called Strike 1-1: Called Strike 1-2: Fly out, F6 (Popup, 6)
|
Batting: RHB Allen Miller
|
0-0: Called Strike 0-1: Ball 1-1: Ball 2-1: Fly out, F8 (Flyball, 8LM)
|
Top of the 1st over - 0 run(s), 1 hit(s), 0 error(s), 1 left on base; Buchanan HS 0 - Dublin Jerome HS 0 |
BOTTOM OF THE 1ST |
Dublin Jerome HS Celtics batting - Pitching for Buchanan HS : RHP Jesús Caballero
|
Pitching: RHP Jesús Caballero
|
|
Batting: RHB David Silva
|
0-0: Ball 1-0: Called Strike 1-1: Called Strike 1-2: Ball 2-2: Strikes out swinging
|
Batting: RHB Cy Wilcox
|
0-0: Ball 1-0: Ball 2-0: Foul Ball, location: 2F 2-1: Foul Ball, location: 2F 2-2: Ground out 5-3 (Groundball, 5L)
|
Batting: LHB Paul Holcomb
|
0-0: Foul Ball, location: 2F 0-1: Foul Ball, location: 2F 0-2: Foul Ball, location: 2F 0-2: Fly out, F7 (Flyball, 7M)
|
Bottom of the 1st over - 0 run(s), 0 hit(s), 0 error(s), 0 left on base; Buchanan HS 0 - Dublin Jerome HS 0 |
TOP OF THE 2ND |
Buchanan HS batting - Pitching for Dublin Jerome HS Celtics : RHP Teddy Wright
|
Batting: RHB Henry Rice
|
0-0: Called Strike 0-1: Swinging Strike 0-2: Ground out 3-1 (Groundball, 34)
|
Batting: RHB Dewey Tyree
|
0-0: Ball 1-0: Fly out, F7 (Flyball, 7M)
|
Batting: LHB Jeff MacKinney
|
0-0: Foul Ball, location: 2F 0-1: Swinging Strike 0-2: Foul Ball, location: 2F 0-2: Ball 1-2: Fly out, F7 (Flyball, 78M)
|
Top of the 2nd over - 0 run(s), 0 hit(s), 0 error(s), 0 left on base; Buchanan HS 0 - Dublin Jerome HS 0 |
BOTTOM OF THE 2ND |
Dublin Jerome HS Celtics batting - Pitching for Buchanan HS : RHP Jesús Caballero
|
Batting: RHB Pedro Polanco
|
0-0: SINGLE (Groundball, 5D)
|
Batting: SHB Pete Jones
|
0-0: Ball 1-0: Swinging Strike 1-1: Foul Ball, location: 2F 1-2: Foul Ball, location: 2F 1-2: Ball 2-2: Ball 3-2: Base on Balls Pedro Polanco to second
|
Batting: RHB Craig Hicks
|
0-0: Swinging Strike 0-1: Ball 1-1: Foul Ball, location: 2F 1-2: Strikes out swinging
|
Batting: RHB Deron McClendon
|
0-0: Foul Ball, location: 2F 0-1: Ball 1-1: Foul Ball, location: 2F 1-2: Strikes out swinging
|
Batting: RHB Garrett Hinton
|
0-0: Ground out 1-3 (Groundball, 13S)
|
Bottom of the 2nd over - 0 run(s), 1 hit(s), 0 error(s), 2 left on base; Buchanan HS 0 - Dublin Jerome HS 0 |
TOP OF THE 3RD |
Buchanan HS batting - Pitching for Dublin Jerome HS Celtics : RHP Teddy Wright
|
Batting: RHB Eugene Logan
|
0-0: Foul Ball, location: 2F 0-1: Foul Ball, location: 2F 0-2: Ball 1-2: Ball 2-2: Strikes out swinging
|
Batting: RHB Jesús Caballero
|
0-0: Swinging Strike 0-1: Swinging Strike 0-2: Ball 1-2: Ball 2-2: Ball 3-2: Strikes out swinging
|
Batting: RHB Michael Elliott
|
0-0: Ball 1-0: Called Strike 1-1: Ball 2-1: Ball 3-1: Foul Ball, location: 2F 3-2: Foul Ball, location: 2F 3-2: Base on Balls
|
Batting: RHB Tommy Reid
|
0-0: Ball Michael Elliott is caught stealing 2nd base
|
Top of the 3rd over - 0 run(s), 0 hit(s), 0 error(s), 0 left on base; Buchanan HS 0 - Dublin Jerome HS 0 |
BOTTOM OF THE 3RD |
Dublin Jerome HS Celtics batting - Pitching for Buchanan HS : RHP Jesús Caballero
|
Batting: LHB Dale González
|
0-0: Called Strike 0-1: Swinging Strike 0-2: Strikes out looking
|
Batting: RHB David Silva
|
0-0: Ball 1-0: Ball 2-0: Ball 3-0: Base on Balls
|
Batting: RHB Cy Wilcox
|
0-0: Foul Ball, location: 2F 0-1: Foul Ball, location: 2F 0-2: Grounds into double play, 1-6-3 (Groundball, 13S)
|
Bottom of the 3rd over - 0 run(s), 0 hit(s), 0 error(s), 0 left on base; Buchanan HS 0 - Dublin Jerome HS 0 |
TOP OF THE 4TH |
Buchanan HS batting - Pitching for Dublin Jerome HS Celtics : RHP Teddy Wright
|
Batting: RHB Tommy Reid
|
0-0: Ball 1-0: Ball 2-0: Ball 3-0: Base on Balls
|
Batting: LHB Jesús Torres
|
0-0: Ball 1-0: Ball 2-0: Ball 3-0: Base on Balls Tommy Reid to second
|
Batting: RHB Allen Miller
|
0-0: Fly out, F9 (Flyball, 9M)
|
Batting: RHB Henry Rice
|
0-0: Swinging Strike 0-1: Foul Ball, location: 2F 0-2: Ball 1-2: Strikes out swinging
|
Batting: RHB Dewey Tyree
|
0-0: Fly out, F6 (Popup, 6D)
|
Top of the 4th over - 0 run(s), 0 hit(s), 0 error(s), 2 left on base; Buchanan HS 0 - Dublin Jerome HS 0 |
BOTTOM OF THE 4TH |
Dublin Jerome HS Celtics batting - Pitching for Buchanan HS : RHP Jesús Caballero
|
Batting: LHB Paul Holcomb
|
0-0: Ball 1-0: Ball 2-0: Ball 3-0: Called Strike 3-1: Base on Balls
|
Batting: RHB Pedro Polanco
|
0-0: Ball 1-0: Called Strike 1-1: Ball 2-1: Ball 3-1: Foul Ball, location: 2F 3-2: Foul Ball, location: 2F 3-2: Strikes out swinging
|
Batting: SHB Pete Jones
|
0-0: Ball 1-0: Ball 2-0: Called Strike 2-1: Foul Ball, location: 2F 2-2: Ball 3-2: Base on Balls Paul Holcomb to second
|
Batting: RHB Craig Hicks
|
0-0: Ball 1-0: Ball 2-0: Ball 3-0: Base on Balls Paul Holcomb to third Pete Jones to second
|
Batting: RHB Deron McClendon
|
0-0: Ball 1-0: Called Strike 1-1: GRAND SLAM HOME RUN (Flyball, 89XD), Distance : 432 ft
|
Batting: RHB Garrett Hinton
|
0-0: Ball 1-0: Foul Ball, location: 2F 1-1: Called Strike 1-2: Ball 2-2: Foul Ball, location: 2F 2-2: Ground out 5-3 (Groundball, 56S)
|
Batting: LHB Dale González
|
0-0: Called Strike 0-1: Called Strike 0-2: Strikes out looking
|
Bottom of the 4th over - 4 run(s), 1 hit(s), 0 error(s), 0 left on base; Buchanan HS 0 - Dublin Jerome HS 4 |
TOP OF THE 5TH |
Buchanan HS batting - Pitching for Dublin Jerome HS Celtics : RHP Teddy Wright
|
Batting: LHB Jeff MacKinney
|
0-0: Ball 1-0: Ground out 3-1 (Groundball, 34S)
|
Batting: RHB Eugene Logan
|
0-0: SINGLE (Line Drive, 4M)
|
Batting: RHB Jesús Caballero
|
0-0: Foul Ball, location: 2F 0-1: Foul Ball, location: 2F 0-2: Ball 1-2: SINGLE (Groundball, 6) (infield hit) Eugene Logan to second
|
Batting: RHB Michael Elliott
|
0-0: Ball 1-0: Foul Ball, location: 2F 1-1: Ball 2-1: Called Strike 2-2: Foul Ball, location: 2F 2-2: Strikes out swinging
|
Batting: RHB Tommy Reid
|
0-0: Ball 1-0: Called Strike 1-1: Ball 2-1: Ball 3-1: Base on Balls Eugene Logan to third Jesús Caballero to second
|
Batting: LHB Jesús Torres
|
0-0: Called Strike 0-1: Swinging Strike 0-2: Foul Ball, location: 2F 0-2: SINGLE (Groundball, 34D) Eugene Logan scores Jesús Caballero to third Tommy Reid to second Runner from 3rd tries for Home, SAFE, no throw or cutoff
|
Batting: RHB Allen Miller
|
0-0: Ball 1-0: Called Strike 1-1: Foul Ball, location: 2F 1-2: Fielders Choice at 2nd, U6 (Groundball, 6M)
|
Top of the 5th over - 2 run(s), 3 hit(s), 0 error(s), 2 left on base; Buchanan HS 2 - Dublin Jerome HS 4 |
BOTTOM OF THE 5TH |
Dublin Jerome HS Celtics batting - Pitching for Buchanan HS : RHP Jesús Caballero
|
Batting: RHB David Silva
|
0-0: Ball 1-0: Called Strike 1-1: Ball 2-1: Fly out, F8 (Flyball, 8RM)
|
Batting: RHB Cy Wilcox
|
0-0: Ball 1-0: SINGLE (Groundball, 34)
|
Pitching: RHP Pierre Breton
|
|
Batting: LHB Paul Holcomb
|
0-0: Ball 1-0: Ball 2-0: Ball 3-0: Called Strike 3-1: Foul Ball, location: 2F 3-2: Fielders Choice at 2nd, 3-6 (Groundball, 3)
|
Batting: RHB Pedro Polanco
|
0-0: Called Strike 0-1: Ground out 5-3 (Groundball, 5)
|
Bottom of the 5th over - 0 run(s), 1 hit(s), 0 error(s), 1 left on base; Buchanan HS 2 - Dublin Jerome HS 4 |
TOP OF THE 6TH |
Buchanan HS batting - Pitching for Dublin Jerome HS Celtics : RHP Teddy Wright
|
Pitching: RHP Zach Hutchinson
|
|
Batting: RHB Henry Rice
|
0-0: SINGLE (Line Drive, 8LS)
|
Batting: RHB Dewey Tyree
|
0-0: Ball 1-0: Fly out, F3 (Line Drive, 34S) 1-0: Lined into DP, U3 (Line Drive, 34S)
|
Batting: LHB Jeff MacKinney
|
0-0: Fly out, F4 (Popup, 4)
|
Top of the 6th over - 0 run(s), 1 hit(s), 0 error(s), 0 left on base; Buchanan HS 2 - Dublin Jerome HS 4 |
BOTTOM OF THE 6TH |
Dublin Jerome HS Celtics batting - Pitching for Buchanan HS : RHP Pierre Breton
|
Batting: SHB Pete Jones
|
0-0: Called Strike 0-1: Swinging Strike 0-2: Reached on error, E4 (Groundball, 4)
|
Batting: RHB Craig Hicks
|
0-0: Ball 1-0: Foul Ball, location: 2F 1-1: Foul Ball, location: 2F 1-2: SINGLE (Flyball, 9S) Pete Jones to second
|
Batting: RHB Deron McClendon
|
0-0: Called Strike 0-1: Foul Ball, location: 2F 0-2: Ball 1-2: Fly out, F8 (Flyball, 8RXD) Runner from 2nd tags up, SAFE at 3rd, no throw
|
Batting: RHB Garrett Hinton
|
0-0: Ball 1-0: Ball 2-0: Grounds into double play, 4-6-3 (Groundball, 4)
|
Bottom of the 6th over - 0 run(s), 1 hit(s), 1 error(s), 1 left on base; Buchanan HS 2 - Dublin Jerome HS 4 |
TOP OF THE 7TH |
Buchanan HS batting - Pitching for Dublin Jerome HS Celtics : RHP Zach Hutchinson
|
Batting: RHB Eugene Logan
|
0-0: Swinging Strike 0-1: Swinging Strike 0-2: Strikes out swinging
|
Batting: RHB Jesús Caballero
|
0-0: Ball 1-0: Called Strike 1-1: SINGLE (Groundball, 56)
|
Batting: RHB Michael Elliott
|
0-0: Ball 1-0: Ball 2-0: Fielders Choice at 2nd, 5-4 (Groundball, 5L)
|
Batting: RHB Tommy Reid
|
0-0: Called Strike 0-1: Ball 1-1: Called Strike Michael Elliott is caught stealing 2nd base
|
Top of the 7th over - 0 run(s), 1 hit(s), 0 error(s), 0 left on base; Buchanan HS 2 - Dublin Jerome HS 4 |
BOTTOM OF THE 7TH |
Dublin Jerome HS Celtics batting - Pitching for Buchanan HS : RHP Pierre Breton
|
Batting: LHB Dale González
|
0-0: Foul Ball, location: 2F 0-1: Swinging Strike 0-2: Strikes out swinging
|
Pitching: RHP Jesse Hairston
|
|
Batting: RHB David Silva
|
0-0: Foul Ball, location: 2F 0-1: Ball 1-1: Called Strike 1-2: Foul Ball, location: 2F 1-2: Ball 2-2: Foul Ball, location: 2F 2-2: Strikes out looking
|
Batting: RHB Cy Wilcox
|
0-0: Ball 1-0: Called Strike 1-1: Ball 2-1: Ground out 2-3 (Groundball, 2L)
|
Bottom of the 7th over - 0 run(s), 0 hit(s), 0 error(s), 0 left on base; Buchanan HS 2 - Dublin Jerome HS 4 |
TOP OF THE 8TH |
Buchanan HS batting - Pitching for Dublin Jerome HS Celtics : RHP Zach Hutchinson
|
Pitching: RHP Theron Little
|
|
Batting: RHB Tommy Reid
|
0-0: Ball 1-0: Called Strike 1-1: Called Strike 1-2: Foul Ball, location: 2F 1-2: Ground out 5-3 (Groundball, 56)
|
Batting: LHB Jesús Torres
|
0-0: Called Strike 0-1: Ball 1-1: Ball 2-1: Foul Ball, location: 2F 2-2: Strikes out swinging
|
Batting: RHB Allen Miller
|
0-0: Ball 1-0: Ball 2-0: Foul Ball, location: 2F 2-1: Ball 3-1: Base on Balls
|
Pitching: LHP Jason Reed
|
|
Batting: RHB Henry Rice
|
0-0: SINGLE (Flyball, 8LS) Allen Miller to second
|
Batting: RHB Dewey Tyree
|
0-0: Foul Ball, location: 2F 0-1: Swinging Strike 0-2: Foul Ball, location: 2F 0-2: Ball 1-2: Ball 2-2: Strikes out swinging
|
Top of the 8th over - 0 run(s), 1 hit(s), 0 error(s), 2 left on base; Buchanan HS 2 - Dublin Jerome HS 4 |
BOTTOM OF THE 8TH |
Dublin Jerome HS Celtics batting - Pitching for Buchanan HS : RHP Jesse Hairston
|
Batting: LHB Paul Holcomb
|
0-0: Foul Ball, location: 2F 0-1: Ball 1-1: Foul Ball, location: 2F 1-2: Fly out, F9 (Flyball, 89M)
|
Batting: RHB Pedro Polanco
|
0-0: Foul Ball, location: 2F 0-1: Ball 1-1: Ball 2-1: Fly out, F7 (Flyball, 78XD)
|
Batting: SHB Pete Jones
|
0-0: Called Strike 0-1: Ball 1-1: Ball 2-1: Ball 3-1: Called Strike 3-2: Base on Balls
|
Batting: RHB Craig Hicks
|
0-0: Foul Ball, location: 2F 0-1: Ball 1-1: SINGLE (Groundball, 34D) Pete Jones to second
|
Batting: RHB Deron McClendon
|
0-0: Swinging Strike 0-1: Swinging Strike 0-2: Strikes out swinging
|
Bottom of the 8th over - 0 run(s), 1 hit(s), 0 error(s), 2 left on base; Buchanan HS 2 - Dublin Jerome HS 4 |
TOP OF THE 9TH |
Buchanan HS batting - Pitching for Dublin Jerome HS Celtics : LHP Jason Reed
|
Pitching: RHP Kelly Woodside
|
|
Batting: LHB Jeff MacKinney
|
0-0: Called Strike 0-1: Ball 1-1: Foul Ball, location: 2F 1-2: Ball 2-2: Foul Ball, location: 2F 2-2: Ball 3-2: Base on Balls
|
Batting: RHB Eugene Logan
|
0-0: Ball 1-0: Called Strike 1-1: Ball 2-1: Called Strike 2-2: Foul Ball, location: 2F 2-2: Strikes out swinging
|
Batting: RHB Jesús Caballero
|
0-0: SINGLE (Flyball, 89S) Jeff MacKinney to second
|
Batting: RHB Michael Elliott
|
0-0: Foul Ball, location: 2F 0-1: Foul Ball, location: 2F 0-2: SINGLE (Groundball, 56) Jeff MacKinney to third Jesús Caballero to second Runner from 3rd tries for Home, SAFE, throw made home
|
Batting: RHB Tommy Reid
|
0-0: Called Strike 0-1: Ball 1-1: Ball 2-1: Foul Ball, location: 2F 2-2: Ball 3-2: Base on Balls Jesús Caballero to third Michael Elliott to second
|
Batting: LHB Jesús Torres
|
0-0: Called Strike 0-1: Ball 1-1: SINGLE (Groundball, 4M) Jesús Caballero scores Michael Elliott to third Tommy Reid to second
|
Batting: RHB Allen Miller
|
0-0: Swinging Strike 0-1: Foul Ball, location: 2F 0-2: Strikes out swinging
|
Batting: RHB Henry Rice
|
0-0: Ball 1-0: Called Strike 1-1: Swinging Strike 1-2: Strikes out looking
|
Top of the 9th over - 2 run(s), 3 hit(s), 0 error(s), 3 left on base; Buchanan HS 4 - Dublin Jerome HS 4 |
|